 Dungeon Crawl Stone Soup version 0.30-a0-145-g03d90e2e6d (webtiles) character file.

Game seed: 6718806598363977117

56 qw the Chopper (level 3, -1/23 HPs)
             Began as a Gargoyle Fighter on Sept 26, 2022.
             Slain by a hobgoblin (2 damage)
             ... led by Robin
             ... on level 2 of the Dungeon.
             The game lasted 00:00:42 (1364 turns).

qw the Chopper (Gargoyle Fighter)                   Turns: 1364, Time: 00:00:42

Health: -1/23      AC: 10    Str: 21    XL:     3   Next: 97%
Magic:  3/3        EV:  9    Int:  8    God:
Gold:   121        SH:  4    Dex:  9    Spells: 2/2 levels left

rFire   . . .      SeeInvis .    Y - +0 war axe
rCold   + . .      Faith    .    c - +0 buckler
rNeg    + . .      Spirit   .    b - +0 scale mail
rPois   inf        Reflect  .    (no helmet)
rElec   +          Harm     .    (no cloak)
rCorr   .          Rampage  .    (no gloves)
Will    .....                    (no boots)
Stlth   ..........               (no amulet)
HPRegen 0.07/turn                j - ring of protection from cold
MPRegen 0.08/turn                (no ring)

@: no status effects
A: sickness immunity, AC +3, negative energy resistance 1, electricity
resistance, torment resistance 1, petrification resistance
a: no special abilities


You were on level 2 of the Dungeon.
You visited 1 branch of the dungeon, and saw 2 of its levels.

You collected 121 gold pieces.


Innate Abilities, Weirdness & Mutations

You are immune to sickness and miasma.
Your stone body is resilient. (AC +3)
You are immune to poison.
You resist negative energy. (rN+)
You are resistant to electric shocks. (rElec)
You are resistant to unholy torment.
You are immune to petrification.


   Skills:
 - Level 3.2 Fighting
 + Level 3.7 Axes
 - Level 3.2 Armour
 - Level 3.2 Shields


You had 2 spell levels left.
You didn't know any spells.
Your spell library was empty.

Inventory:

Hand Weapons
 h - a +0 whip
 Y - a +0 war axe (weapon)
Armour
 b - a +0 scale mail (worn)
 c - a +0 buckler (worn)
Jewellery
 j - a ring of protection from cold (left hand)
Scrolls
 a - a scroll of magic mapping {unknown}
 e - 2 scrolls of identify
 l - a scroll of vulnerability {unknown}
 m - a scroll of poison {unknown}
Potions
 d - a potion of might
 f - a potion of attraction {unknown}
 g - a potion of cancellation {unknown}
 i - a potion of brilliance {unknown}
 k - 2 potions of curing {unknown}

Dungeon Overview and Level Annotations

Branches:
Dungeon (2/15)

Altars:


Message History

You hit the goblin.
You kill the goblin!
You closely miss the goblin.
Robin roars a battlecry!
The goblin hits you but does no damage.
A goblin comes into view. It is wielding a +0 dagger.
You slash the goblin!
You kill the goblin!
You barely miss Robin. Robin barely misses you.
A goblin comes into view. It is wielding a +0 dagger.
A hobgoblin comes into view.
Robin throws the goblin at you!
You hit Robin.
Robin is moderately wounded.
You slash the goblin!
You kill the goblin!
Robin hits you but does no damage.
You hit Robin.
Robin is heavily wounded.
You hit Robin.
Robin is severely wounded.
Robin barely misses you. The goblin barely misses you.
Robin throws the goblin at you!
You slash Robin!
You kill Robin!
You hit the hobgoblin. You hit the goblin. The hobgoblin barely misses you.
The goblin hits you with a +0 dagger.
You slash the goblin!
You kill the goblin!
You barely miss the hobgoblin. The hobgoblin hits you.
You barely miss the hobgoblin.
The hobgoblin is lightly wounded.
The hobgoblin hits you but does no damage.
The hobgoblin completely misses you.
You barely miss the hobgoblin.
The hobgoblin is lightly wounded.
The hobgoblin hits you.
You die...

## .. #. ###.?####
#.....g)##########
#@##.......#
#)##.#####.#
#....#####.####
#######.......#
#.##.##.# #.
#.##.# ####### #.
#.##.# #.....## #.
#.##.# #......#
#.##.##.#


You could see a hobgoblin (strong).

Vanquished Creatures
  Robin (D:2)
  3 dart slugs
  2 bats (D:1)
  An endoplasm (D:1)
  11 goblins
  3 hobgoblins
  5 jackals
  A quokka (D:1)
  A ball python (D:1)
  3 frilled lizards
  5 kobolds
  2 rats
38 creatures vanquished.

Notes
Turn   | Place    | Note
-------+----------+-------------------------------------------
     0 | D:1      | qw the Gargoyle Fighter began the quest for the Orb.
     0 | D:1      | Reached XP level 1. HP: 14/14 MP: 1/1
     0 | D:1      | 0 ||| qw: Version: 0.2-a-10-g399e6c4
     0 | D:1      | 0 ||| qw: Game counter: 501
     0 | D:1      | 0 ||| qw: Always use a shield: true
     0 | D:1      | 0 ||| qw: God list: Okawaru
     0 | D:1      | 0 ||| qw: Allow faded altars: false
     0 | D:1      | 0 ||| qw: Do Orc after D:15 true
     0 | D:1      | 0 ||| qw: Do second Lair branch before Depths: true
     0 | D:1      | 0 ||| qw: Lair rune preference: random
     0 | D:1      | 0 ||| qw: Plans: Normal, Zot:1-4, God:TSO, Crypt, Tomb,
                  | Pan, Slime:5, Hells, Abyss, Orb
     0 | D:1      | 0 ||| PLANNING D:1-11
   210 | D:1      | Reached XP level 2. HP: 11/19 MP: 2/2
   341 | D:1      | 341 ||| Stepping ~*~*~tactically~*~*~ (hiding).
   510 | D:1      | 510 ||| READING scroll labelled TARAMN URGHOJI.
   592 | D:1      | 592 ||| READING scroll labelled USONNODOIN.
   593 | D:1      | 593 ||| Stepping randomly (stuck).
   594 | D:1      | 594 ||| Stepping randomly (stuck).
   595 | D:1      | 595 ||| Stepping randomly (stuck).
   596 | D:1      | 596 ||| Stepping randomly (stuck).
   597 | D:1      | 597 ||| Stepping randomly (stuck).
   598 | D:1      | 598 ||| Stepping randomly (stuck).
   599 | D:1      | 599 ||| Stepping randomly (stuck).
   600 | D:1      | 600 ||| Stepping randomly (stuck).
   601 | D:1      | 601 ||| Stepping randomly (stuck).
   602 | D:1      | 602 ||| Stepping randomly (stuck).
   746 | D:1      | 746 ||| Stepping ~*~*~tactically~*~*~ (stealth).
  1000 | D:1      | Reached skill level 3 in Axes
  1004 | D:1      | Found a faded altar of an unknown god.
  1007 | D:1      | 1007 ||| UPGRADING to ring of protection from cold.
  1008 | D:1      | 1008 ||| READING scroll labelled JUITAMM FIUPS.
  1102 | D:2      | 1102 ||| DROPPING +0 club.
  1125 | D:2      | Reached XP level 3. HP: 23/23 MP: 3/3
  1146 | D:2      | 1146 ||| Stepping ~*~*~tactically~*~*~ (hiding).
  1325 | D:2      | 1325 ||| Stepping ~*~*~tactically~*~*~ (hiding).
  1352 | D:2      | Identified the +1 helmet of the Present {*Corrode +Blink
                  | Will+ Int+4}
  1352 | D:2      | Noticed Robin
  1354 | D:2      | HP: 5/23 [Robin/goblin (1)]
  1360 | D:2      | HP: 4/23 [Robin/goblin (2)]
  1361 | D:2      | Killed Robin
  1362 | D:2      | HP: 1/23 [hobgoblin[Robin] (1)]
  1364 | D:2      | Slain by a hobgoblin

Levels and vault maps discovered:
D:1:      minmay_arrival_glassed_features, layout_basic,
          dilly_ecumenical_altar_fadedgnrine, minmay_misc_feat_chi
D:2:      layout_loops_cross, item_on_display_a, uniq_robin

Skill      XL: |  1  2 |
---------------+-------+-----
Axes           | 2 3 |  3.7
Fighting       | |  3.2
Armour         | |  3.2
Shields        | |  3.2

Action                   || total
-------------------------++-------
Melee: War axe           ||   107
  Use: Scroll            ||     3
Armor: Scale mail        ||    48
Dodge: Dodged            ||    49
Block: Buckler           ||    13

Table legend:
 A = Non-vault XP
 B = Vault XP
 C = Vault XP percentage of total XP
 D = Non-vault monster count
 E = Vault monster count
 F = Vault count percentage of total count
                 A         B        C        D         E       F
            +---------+---------+-------+---------+---------+-------
      Total |      47 |      34 |  42.0 |      26 |      12 |  31.6
            +---------+---------+-------+---------+---------+-------
        D:1 |      30 |       0 |   0.0 |      18 |       0 |   0.0
        D:2 |      17 |      34 |  66.7 |       8 |      12 |  60.0
            +---------+---------+-------+---------+---------+-------
